 Dungeon Crawl Stone Soup version 0.29-a0-676-ga64570c9d2 (webtiles) character file.

Game seed: 11908894896820045413

151 wilfster70 the Conjurer (level 5, -1/37 HPs)
             Began as a Gnoll Conjurer on June 24, 2022.
             Slain by smoky173's ghost (6 damage)
             ... on level 4 of the Dungeon.
             The game lasted 00:10:51 (3097 turns).

wilfster70 the Conjurer (Gnoll Conjurer)            Turns: 3097, Time: 00:10:51

Health: -1/37      AC:  6    Str:  6    XL:     5   Next: 33%
Magic:  0/12       EV: 13    Int: 19    God:
Gold:   103        SH:  0    Dex: 11    Spells: 11/14 levels left

rFire   . . .      SeeInvis .   a - +1 short sword (venom)
rCold   + . .      Faith    .   (no shield)
rNeg    . . .      Spirit   .   j - +2 robe of Dogmatism {rC+}
rPois   .          Reflect  .   (no helmet)
rElec   .          Harm     .   c - +0 cloak
rCorr   .          Rampage  .   (no gloves)
Will    .....                   k - +0 pair of boots
Stlth   ++........              (no amulet)
HPRegen 0.12/turn               g - ring of flight
MPRegen 0.13/turn               (no ring)

@: flying
A: fangs 1, strong nose, distributed training
a: no special abilities


You were on level 4 of the Dungeon.
You visited 1 branch of the dungeon, and saw 4 of its levels.

You collected 228 gold pieces.
You spent 125 gold pieces at shops.

Inventory:

Hand Weapons
 a - a +1 short sword of venom (weapon)
Missiles
 d - 7 poisoned darts
Armour
 c - a +0 cloak (worn)
 j - the +2 robe of Dogmatism (worn) {rC+}
   (You bought it in a shop on level 3 of the Dungeon)

   rC:        It protects you from cold.
 k - a +0 pair of boots (worn)
Jewellery
 g - a ring of flight (left hand)
Scrolls
 h - 2 scrolls of teleportation
 l - a scroll of enchant armour {unknown}
 r - a scroll of identify
Potions
 b - a potion of magic
 e - a potion of lignification {unknown}
 f - a potion of invisibility
 i - a potion of curing
 m - a potion of haste {unknown}


   Skills:
 + Level 1.4 Fighting
 + Level 1.4 Short Blades
 + Level 1.4 Long Blades
 + Level 1.4 Axes
 + Level 1.4 Maces & Flails
 + Level 1.4 Polearms
 + Level 1.4 Staves
 + Level 1.4 Slings
 + Level 1.4 Bows
 + Level 1.4 Crossbows
 + Level 1.4 Throwing
 + Level 1.4 Armour
 + Level 4.8 Dodging
 + Level 4.4 Stealth
 + Level 1.4 Shields
 + Level 1.4 Unarmed Combat
 + Level 5.2 Spellcasting
 + Level 7.2 Conjurations
 + Level 1.1 Hexes
 + Level 1.1 Summonings
 + Level 1.1 Necromancy
 + Level 1.1 Translocations
 + Level 1.1 Transmutations
 + Level 1.1 Fire Magic
 + Level 1.1 Ice Magic
 + Level 1.1 Air Magic
 + Level 1.1 Earth Magic
 + Level 1.1 Poison Magic
 + Level 1.6 Invocations
 + Level 1.4 Evocations


You had 11 spell levels left.
You knew the following spells:

 Your Spells              Type           Power      Damage    Failure   Level
a - Magic Dart            Conj           100%       1d8       1%          1
b - Searing Ray           Conj           64%        2d6       1%          2

Your spell library contained the following spells:

 Spells                   Type           Power      Damage    Failure   Level
 Dazzling Flash           Conj/Hex       40%        N/A       6%          3
 Stone Arrow              Conj/Erth      40%        3d9       6%          3
 Sandblast                Erth           18%        2d7       8%          1
 Passwall                 Tmut/Erth      7%         N/A       12%         2
 Fulminant Prism          Conj/Hex       10%        3d9       22%         4
 Iskenderun's Mystic Bla  Conj/Tloc      20%        2d6       22%         4
 Lightning Bolt           Conj/Air       10%        1d23      52%         5
 Airstrike                Air            4%         N/A       58%         4
 Summon Lightning Spire   Summ/Air       9%         N/A       58%         4


Dungeon Overview and Level Annotations

Branches:
Dungeon (4/15)
 Temple: D:4-7

Altars:
Elyvilon
Yredelemnul

Shops:
D:3 *

Annotations:
D:3 Ijyb
D:4 smoky173's ghost, amateur OpTm


Innate Abilities, Weirdness & Mutations

You have very sharp teeth.
Your uncanny sense of smell can sniff out nearby items.
Your experience applies equally to all skills.


Message History

Smoky173's ghost misses you.
Smoky173's ghost attacks as you move away!
Smoky173's ghost hits you but does no damage.
Smoky173's ghost attacks as you move away!
Smoky173's ghost hits you but does no damage.
Smoky173's ghost attacks as you move away!
Smoky173's ghost hits you but does no damage.
Casting: Searing Ray (safe; 1% risk of failure)
Confirm with . or Enter, or press ? or * to list all spells.
Aiming: Searing Ray (safe; 1% risk of failure)
Press: ? - help, Shift-Dir - straight line, f/p - smoky173's ghost
Aim: smoky173's ghost (severely damaged, 73% to hit)
The searing ray misses smoky173's ghost. (Press . to maintain the ray.) Smoky173's ghost hits you.
The searing ray hits smoky173's ghost!
Smoky173's ghost is severely damaged.
Smoky173's ghost hits you but does no damage.
Smoky173's ghost attacks as you move away!
Smoky173's ghost hits you.
* * * LOW HITPOINT WARNING * * *
Things that are here:
a +0 hand axe; an orc corpse Smoky173's ghost attacks as you move away!
Smoky173's ghost hits you.
* * * LOW HITPOINT WARNING * * *
Casting: Searing Ray (safe; 1% risk of failure)
Confirm with . or Enter, or press ? or * to list all spells.
Aiming: Magic Dart (safe; 1% risk of failure)
Press: ? - help, Shift-Dir - straight line, f/p - smoky173's ghost
Aim: smoky173's ghost (severely damaged, 100% to hit)
The magic dart hits smoky173's ghost.
Smoky173's ghost is almost destroyed.
Smoky173's ghost hits you.
* * * LOW HITPOINT WARNING * * *
Smoky173's ghost attacks as you move away!
Smoky173's ghost barely misses you.
Smoky173's ghost attacks as you move away!
Smoky173's ghost hits you.
You die...

# #>.#
##########..#
............#
###########.#
#.# ######.# #
##......######
)............#
##.#########@#
# #W# #.# #.#
#.# #)# #.#
#.# ########.#


You could see smoky173's ghost.

Vanquished Creatures
  An iguana (D:4)
  An orc wizard (D:2)
  3 adders (D:2)
  2 worms
  4 dart slugs
  5 orcs
  5 ball pythons
  6 endoplasms
  2 hobgoblins (D:2)
  3 jackals (D:1)
  3 kobolds
  2 quokkas
  6 bats
  2 frilled lizards
  6 goblins
  5 rats
56 creatures vanquished.

Notes
Turn   | Place    | Note
-------+----------+-------------------------------------------
     0 | D:1      | wilfster70 the Gnoll Conjurer began the quest for the Orb.
     0 | D:1      | Reached XP level 1. HP: 13/13 MP: 6/6
   111 | D:1      | Reached XP level 2. HP: 18/19 MP: 1/7
   716 | D:2      | Reached XP level 3. HP: 25/25 MP: 9/9
   721 | D:1      | Learned a level 2 spell: Searing Ray
   725 | D:2      | Reached skill level 5 in Spellcasting
   856 | D:2      | Reached skill level 1 in Invocations
  1295 | D:2      | Reached skill level 1 in Fighting
  1295 | D:2      | Reached skill level 1 in Short Blades
  1295 | D:2      | Reached skill level 1 in Long Blades
  1295 | D:2      | Reached skill level 1 in Axes
  1295 | D:2      | Reached skill level 1 in Maces & Flails
  1295 | D:2      | Reached skill level 1 in Polearms
  1295 | D:2      | Reached skill level 1 in Staves
  1295 | D:2      | Reached skill level 1 in Slings
  1295 | D:2      | Reached skill level 1 in Bows
  1295 | D:2      | Reached skill level 1 in Crossbows
  1295 | D:2      | Reached skill level 1 in Throwing
  1295 | D:2      | Reached skill level 1 in Armour
  1295 | D:2      | Reached skill level 1 in Shields
  1295 | D:2      | Reached skill level 1 in Unarmed Combat
  1295 | D:2      | Reached skill level 1 in Evocations
  1375 | D:2      | Reached XP level 4. HP: 27/32 MP: 4/11
  1524 | D:2      | Reached skill level 1 in Hexes
  1524 | D:2      | Reached skill level 1 in Summonings
  1524 | D:2      | Reached skill level 1 in Necromancy
  1524 | D:2      | Reached skill level 1 in Translocations
  1524 | D:2      | Reached skill level 1 in Transmutations
  1524 | D:2      | Reached skill level 1 in Fire Magic
  1524 | D:2      | Reached skill level 1 in Ice Magic
  1524 | D:2      | Reached skill level 1 in Air Magic
  1524 | D:2      | Reached skill level 1 in Earth Magic
  1524 | D:2      | Reached skill level 1 in Poison Magic
  2035 | D:3      | Found Culou's Assorted Antiques.
  2047 | D:3      | Bought a crude robe for 125 gold pieces
  2047 | D:3      | Identified the +2 robe of Dogmatism {rC+} (You bought it in
                  | a shop on level 3 of the Dungeon)
  2110 | D:3      | Found a white marble altar of Elyvilon.
  2192 | D:3      | Reached XP level 5. HP: 37/37 MP: 6/12
  2262 | D:3      | Found a basalt altar of Yredelemnul.
  2332 | D:3      | Noticed Ijyb
  3013 | D:4      | Found a runed translucent door.
  3048 | D:4      | Noticed smoky173's ghost (amateur OpTm)
  3097 | D:4      | Slain by smoky173's ghost

Illustrated notes

Levels and vault maps discovered:
D:1:      lightli_arrival_maybe_door_vault, layout_rooms
D:2:      layout_basic, minmay_tripent
D:3:      layout_rooms, kennysheep_ying_yang,
          shapermc_ecumenical_altar_hornbeckon, serial_shops,
          nicolae_shop_waterfront, serial_forest,
          infiniplex_forest_clump_double, infiniplex_forest_end_1,
          infiniplex_forest_lined_room_2, infiniplex_forest_straight_1,
          infiniplex_forest_clump_small, infiniplex_forest_corner_2,
          infiniplex_forest_zigzag_1, uniq_ijyb
D:4:      layout_loops_ring, minmay_temple_entry_statues_pillars,
          ebering_ghost_reflecting_pool, uniq_crazy_yiuf_cottage

Skill      XL: |  1  2  3  4 |
---------------+-------------+-----
Spellcasting   | 5 |  5.2
Invocations    | 1 |  1.6
Fighting       | 1 |  1.4
Short Blades   | 1 |  1.4
Long Blades    | 1 |  1.4
Axes           | 1 |  1.4
Maces & Flails | 1 |  1.4
Polearms       | 1 |  1.4
Staves         | 1 |  1.4
Slings         | 1 |  1.4
Bows           | 1 |  1.4
Crossbows      | 1 |  1.4
Throwing       | 1 |  1.4
Armour         | 1 |  1.4
Shields        | 1 |  1.4
Unarmed Combat | 1 |  1.4
Evocations     | 1 |  1.4
Hexes          | 1 |  1.1
Summonings     | 1 |  1.1
Necromancy     | 1 |  1.1
Translocations | 1 |  1.1
Transmutations | 1 |  1.1
Fire Magic     | 1 |  1.1
Ice Magic      | 1 |  1.1
Air Magic      | 1 |  1.1
Earth Magic    | 1 |  1.1
Poison Magic   | 1 |  1.1
Dodging        | |  4.8
Stealth        | |  4.4
Conjurations   | |  7.2

Action                   |  1- 3 |  4- 6 || total
-------------------------+-------+-------++-------
Melee: Short sword       |     4 |     9 ||    13
       Punch             |     1 |       ||     1
       Bite              |       |     1 ||     1
 Cast: Magic Dart        |    49 |    30 ||    79
       Searing Ray       |     6 |    12 ||    18
  Use: Scroll            |     8 |     1 ||     9
 Stab: Sleeping          |     1 |       ||     1
Armor: Robe              |     2 |     9 ||    11
Dodge: Dodged            |     4 |    15 ||    19

Table legend: (Time is in decaauts)
 A = Elapsed time spent in this place.
 B = Non-inter-level travel time spent in this place.
 C = Inter-level travel time spent in this place.
 D = Time resting spent in this place.
 E = Time spent auto-exploring this place.
 F = Levels seen in this place.
 G = Mean time per level.
                   A        B        C        D        E       F      G
               +--------+--------+--------+--------+--------+-----+--------+
         Total |   3096 |   3064 |     32 |    879 |   1216 |   4 |  774.0 |
       Dungeon |   3096 |   3064 |     32 |    879 |   1216 |   4 |  774.0 |
               +--------+--------+--------+--------+--------+-----+--------+

Top non-repeatable levels by time:
     D:2: 1274 daAuts
     D:4: 738 daAuts
     D:1: 717 daAuts
     D:3: 365 daAuts
